 Seeded DCSS version 0.29.1-2-gbd0b4ee654 (webtiles) character file.

Game seed: 9595517736893064364 (custom seed)

2718 GigaChad the Cleaver (level 9, 0/82 HPs)
             Began as a Minotaur Fighter on Nov 25, 2022.
             Was a Priest of Wu Jian.
             Slain by a kobold brigand
             ... wielding a +0 short sword
              (1 damage)
             ... on level 8 of the Dungeon.
             The game lasted 00:10:08 (6759 turns).

GigaChad the Cleaver (Minotaur Fighter)             Turns: 6759, Time: 00:10:08

Health: 0/82       AC: 11    Str: 32    XL:     9   Next: 39%
Magic:  0/8        EV:  8    Int:  5    God:    Wu Jian [***...]
Gold:   1063       SH:  5    Dex: 10    Spells: 8/8 levels left

rFire   . . .      SeeInvis .   a - +1 war axe
rCold   . . .      Faith    .   c - +0 buckler
rNeg    . . .      Spirit   +   p - +0 chain mail
rPois   .          Reflect  .   (helmet restricted)
rElec   +          Harm     .   (no cloak)
rCorr   .          Rampage  .   (no gloves)
Will    .....                   (no boots)
Stlth   ..........              r - amulet "Siphocu" {Spirit rElec Str+7}
HPRegen 0.23/turn               (no ring)
MPRegen 0.11/turn               (no ring)

@: studying 2 skills
A: horns 2, retaliatory headbutt
a: Renounce Religion, Wall Jump, Serpent's Lash


You were on level 8 of the Dungeon.
You worshipped Wu Jian.
Wu Jian was most pleased with you.
You visited 2 branches of the dungeon, and saw 9 of its levels.

You collected 1063 gold pieces.

Inventory:

Hand Weapons
 a - a +1 war axe (weapon)
 l - a +4 dire flail of draining
Missiles
 x - 2 javelins (quivered)
Armour
 b - a +0 scale mail
 c - a +0 buckler (worn)
 p - a +0 chain mail (worn)
Jewellery
 h - a ring of protection from cold
 r - the amulet "Siphocu" (around neck) {Spirit rElec Str+7}
   (You found it on level 4 of the Dungeon)

   [amulet of guardian spirit]

   It causes incoming damage to be divided between your reserves of health and
   magic.
   Str:       It affects your strength (+7).
   rElec:     It insulates you from electricity.
 u - an amulet of regeneration
 y - a ring of protection from fire
Wands
 B - a wand of digging (7)
 F - a wand of polymorph (9)
Scrolls
 e - a scroll of fog {unknown}
 f - 3 scrolls of identify
 i - a scroll of blinking
 j - 3 scrolls of vulnerability
 m - 2 scrolls of amnesia
 q - a scroll of enchant armour
 s - a scroll of brand weapon {unknown}
 w - a scroll of torment
 A - a scroll of poison {unknown}
 D - a scroll of magic mapping {unknown}
Potions
 d - 3 potions of might
 g - 4 potions of heal wounds {unknown}
 k - 4 potions of degeneration {unknown}
 n - 2 potions of haste {unknown}
 o - a potion of mutation {unknown}
 t - a potion of brilliance {unknown}
 v - 4 potions of curing {unknown}
 z - a potion of invisibility {unknown}
 C - a potion of cancellation {unknown}
 E - a potion of lignification {unknown}
 G - a potion of magic {unknown}


   Skills:
 * Level 8.6 Fighting
 + Level 11.7 Axes
 * Level 9.3 Armour
 * Level 6.9 Shields


You had 8 spell levels left.
You didn't know any spells.
Your spell library contained the following spells:

 Spells                   Type           Power      Damage    Failure   Level
 Ensorcelled Hibernation  Hex/Ice        0%         N/A       98%         2
 Passwall                 Tmut/Erth      0%         N/A       98%         2
 Swiftness                Air            0%         N/A       100%        3


Dungeon Overview and Level Annotations

Branches:
Dungeon (8/15)             Temple (1/1) D:4
   Lair: D:8-11

Altars:
Ashenzari
Dithmenos
Fedhas
Okawaru
Trog
Vehumet
Wu Jian
Zin

Shops:
D:1 *


Innate Abilities, Weirdness & Mutations

You have a pair of horns on your head.
You reflexively headbutt those who attack you in melee.


Message History

You lunge at the kobold.
You slice the kobold!!
You kill the kobold!
The Council accepts your kill.
You closely miss the kobold brigand. You hit the kobold.
You spin and attack the kobold brigand.
You hit the kobold brigand.
The kobold brigand is severely wounded.
You feel less exhausted.
You feel sick.
The centaur shoots an arrow.
The arrow hits you.
* * * LOW HITPOINT WARNING * * *
The kobold hits you but does no damage. The kobold brigand closely misses you.
The centaur shoots an arrow.
The arrow hits you.
* * * LOW HITPOINT WARNING * * *
Items here: ( ))) [[.
You spin and attack the kobold brigand.
You barely miss the kobold brigand.
Your headbutt misses the kobold brigand.
The kobold brigand is severely wounded.
* * * LOW HITPOINT WARNING * * *
You feel sick.
You are no longer poisoned.
You barely miss the wight. You headbutt the wight.
The wight is moderately damaged.
You closely miss the kobold brigand. You hit the kobold.
You kill the kobold!
The Council accepts your kill.
The centaur shoots an arrow.
The arrow hits you.
* * * LOW HITPOINT WARNING * * *
You block the wight's attack.
The kobold brigand hits you but does no damage.
You closely miss the wight. You headbutt the wight!
You destroy the wight!
The Council accepts your kill.
You hit the centaur. You closely miss the kobold.
You hit the kobold brigand but do no damage.
The wight barely misses you. The kobold barely misses you.
You furiously retaliate!
You headbutt the kobold, but do no damage.
The centaur unwields a +0 shortbow.
You block the centaur's attack.
The centaur kicks you but does no damage.
The kobold brigand hits you with a +0 short sword.
You die...

#.##.....
#..##.....(.. .
..#......... ..
###..#......K.
...####...##.......(
...........#......K.
#...........$.......
.......Kc...<.......
.....z)@K)..........
........)....##.....
..............# #...
#..............# ..
#.....$..#....... .
#(..##............
#... ##............
..# )............


You could see a kobold brigand, a centaur, a wight and a kobold.

Vanquished Creatures
  Eustachio (D:6)
  2 steam dragons (D:7)
  Menkaure (D:5)
  Edmund (D:6)
  2 water moccasins
  An orc warrior (D:7)
  2 black bears
  A sky beast (D:6)
  3 centaurs
  4 bullfrogs
  A gnoll sergeant (D:5)
  A scorpion (D:5)
  4 wights (D:8)
  A howler monkey (D:6)
  2 orc priests
  4 hounds
  A jelly (D:5)
  5 iguanas
  3 orc wizards
  8 gnolls
  8 adders
  A shadow imp (D:7)
  A white imp (D:5)
  3 ufetubi
  2 worms (D:3)
  A dart slug (D:4)
  27 orcs
  7 endoplasms
  7 giant cockroaches
  6 goblins
  5 hobgoblins
  3 jackals (D:2)
  11 kobolds
  3 quokkas
  12 ball pythons
  4 bats
  3 frilled lizards
  4 rats
156 creatures vanquished.

Notes
Turn   | Place    | Note
-------+----------+-------------------------------------------
     0 | D:1      | GigaChad the Minotaur Fighter began the quest for the Orb.
     0 | D:1      | Reached XP level 1. HP: 19/19 MP: 0/0
   228 | D:1      | Found a faded altar of an unknown god.
   289 | D:1      | Prayed at the altar of an unknown god.
   289 | D:1      | Became a worshipper of the Wu Jian Council
   289 | D:1      | Reached * piety under Wu Jian
   345 | D:1      | Reached XP level 2. HP: 27/27 MP: 1/1
   478 | D:1      | Found Uteofera's General Store.
   734 | D:2      | Reached skill level 3 in Axes
   779 | D:2      | Reached XP level 3. HP: 33/33 MP: 2/2
  1068 | D:2      | Identified a scroll of acquirement
  1069 | D:2      | Acquired a manual of Axes
  1367 | D:3      | Reached ** piety under Wu Jian
  1381 | D:3      | Reached skill level 4 in Axes
  1382 | D:3      | Reached XP level 4. HP: 41/41 MP: 3/3
  1404 | D:3      | Acquired 720 gold pieces
  1705 | D:3      | Reached skill level 5 in Axes
  2206 | D:3      | Reached XP level 5. HP: 44/47 MP: 4/4
  2363 | D:4      | Found a staircase to the Ecumenical Temple.
  2371 | Temple   | Entered the Ecumenical Temple
  2467 | D:4      | Identified the amulet "Siphocu" {Spirit rElec Str+7}
  2572 | D:4      | Reached skill level 5 in Fighting
  2895 | D:4      | Noticed a black bear
  2902 | D:4      | Killed a black bear
  2903 | D:4      | Reached skill level 6 in Axes
  2903 | D:4      | Reached skill level 5 in Armour
  2903 | D:4      | Reached XP level 6. HP: 52/56 MP: 3/5
  3082 | D:4      | Found an iron altar of Okawaru.
  3082 | D:4      | Found a glowing silver altar of Zin.
  3335 | D:5      | Entered Level 5 of the Dungeon
  3397 | D:5      | Noticed Menkaure
  3404 | D:5      | Killed Menkaure
  3405 | D:5      | Reached skill level 7 in Axes
  3405 | D:5      | Reached skill level 5 in Shields
  3405 | D:5      | Reached XP level 7. HP: 35/61 MP: 3/6
  3862 | D:5      | Reached skill level 8 in Axes
  3904 | D:5      | Reached *** piety under Wu Jian
  4367 | D:5      | Reached skill level 9 in Axes
  4367 | D:5      | Reached XP level 8. HP: 71/71 MP: 7/7
  4687 | D:6      | Found a blossoming altar of Fedhas.
  4687 | D:6      | Noticed Edmund
  4699 | D:6      | Killed Edmund
  5104 | D:6      | Found a shadowy altar of Dithmenos.
  5123 | D:6      | Reached skill level 10 in Axes
  5462 | D:6      | Noticed Eustachio
  5469 | D:6      | Killed Eustachio
  5809 | D:7      | Reached XP level 9. HP: 81/81 MP: 8/8
  6222 | D:7      | Reached skill level 11 in Axes
  6756 | D:8      | HP: 2/82 [centaur/arrow (4)]
  6759 | D:8      | Slain by a kobold brigand

Illustrated notes

Levels and vault maps discovered:
D:1:      dpeg_arrival_tiny_c, layout_basic,
          chequers_ecumenical_altar_simple_redux, serial_shops, shop_fountains,
          minmay_tree_intersection
D:2:      layout_loops_ring
D:3:      layout_basic
D:4:      layout_loops_ring, nicolae_overflow_two_pavilions,
          minmay_temple_entry_drinking_statues, dk_noncrumbling_3
D:5:      layout_rooms, minmay_holes, uniq_menkaure
D:6:      layout_cave_pools, fedhas_altar_1, grunt_dithmenos_smoke,
          minmay_manual_mares, uniq_edmund, uniq_eustachio
D:7:      layout_loops_ring
D:8:      layout_cave_pools, mainiacjoe_overflow_six_doors_small, uniq_grum,
          uniq_gastronok
Temple:   zaba_magenta_temple

Skill      XL: |  1  2  3  4  5  6  7  8  9 |
---------------+----------------------------+-----
Fighting       | 4 5 6 7 8 |  8.6
Axes           | 3 4 5 6 7 9 10 11 | 11.7
Armour         | 4 5 6 7 8 9 |  9.3
Shields        | 4 5 6 |  6.9

Action                   |  1- 3 |  4- 6 |  7- 9 || total
-------------------------+-------+-------+-------++-------
Melee: War axe           |    64 |   108 |   180 ||   352
       Headbutt          |     7 |    21 |    32 ||    60
Throw: Javelin           |       |       |     2 ||     2
Invok: Lunge             |     8 |    12 |    17 ||    37
       Whirlwind         |     6 |    12 |    16 ||    34
       Serpent's Lash    |       |       |     1 ||     1
  Use: Scroll            |     2 |     2 |     8 ||    12
Armor: Scale mail        |    20 |     7 |       ||    27
       Chain mail        |       |    31 |    86 ||   117
Dodge: Dodged            |    23 |    39 |    64 ||   126
Block: Buckler           |    16 |    11 |    47 ||    74
